 Dungeon Crawl Stone Soup version 0.26-a0-778-g3fe0686644 (webtiles) character file.

Game seed: 9841935279459887103

242599 robertstho the Executioner (level 18, -8/151 (152) HPs)
             Began as a Minotaur Fighter on Nov 9, 2020.
             Was the Champion of Hepliaklqana.
             Mangled by a lorocyproca (9 damage)
             ... in a wizard's laboratory on Nov 10, 2020.
             The game lasted 01:17:37 (42409 turns).

robertstho the Executioner (Minotaur Fighter)      Turns: 42409, Time: 01:17:40

HP:   -8/151 (152)  AC: 23    Str: 26      XL:     18   Next: 68%
MP:   0/23          EV: 12    Int:  3 (5)  God:    Hepliaklqana [******]
Gold: 3245          SH: 26    Dex: 13      Spells: 17/17 levels left

rFire    . . .     SeeInvis +   c - +1 broad axe (venom)
rCold    . . .     Faith    .   a - +0 tower shield
rNeg     . . .     Spirit   .   J - +1 plate armour {rPois}
rPois    +         Reflect  +   B - +2 hat
rElec    .         Harm     .   (no cloak)
rCorr    +         Rampage  .   O - +0 pair of gloves "Sicetzyg" {Stlth+}
MR       +....                  b - +0 pair of boots
Stlth    ..........             n - amulet of reflection
HPRegen  0.35/turn              m - ring of resist corrosion
MPRegen  0.18/turn              y - ring of see invisible

@: slowed, very slow
A: retaliatory headbutt, reduced essence, horns 2, low mp 1, subdued magic 1
}: 2/15 runes: decaying, gossamer
a: Recall Ancestor, Ancestor Identity, Transference, Idealise, Renounce Religion


You were in a wizard's laboratory.
You worshipped Hepliaklqana.
Hepliaklqana was exalted by your worship.
You visited 6 branches of the dungeon, and saw 32 of its levels.
You visited the Abyss 1 time.
You also visited: Sewer and Wizlab.

You collected 4128 gold pieces.
You spent 883 gold pieces at shops.

Inventory:

Hand Weapons
 c - a +1 broad axe of venom (weapon)
 v - a +2 vampiric war axe
 K - a +0 scimitar of flaming
Missiles
 A - 11 curare-tipped darts (quivered)
Armour
 a - a +0 tower shield (worn)
 b - a +0 pair of boots (worn)
 f - a +3 scale mail of magic resistance
 B - a +2 hat (worn)
 J - a +1 plate armour of poison resistance (worn)
 O - the +0 pair of gloves "Sicetzyg" (worn) {Stlth+}
   (You bought it in a shop on level 2 of the Orcish Mines)

   It makes you more stealthy.
 T - a +3 chain mail of cold resistance
Jewellery
 g - a +4 ring of slaying
 m - a ring of resist corrosion (left hand)
 n - an amulet of reflection (around neck)
 s - an uncursed ring of protection from cold
 y - a ring of see invisible (right hand)
 G - an uncursed ring of fire
 I - an uncursed ring of flight
 P - an uncursed ring of ice
 S - an uncursed ring of protection from magic
 U - an uncursed ring of poison resistance
 Y - an uncursed ring of protection from magic
Wands
 o - a wand of digging (10)
 R - a wand of disintegration (11)
 Z - a wand of acid (15)
Scrolls
 d - 9 scrolls of teleportation
 h - 5 scrolls of blinking
 i - 19 scrolls of remove curse
 j - 3 scrolls of vulnerability
 k - 4 scrolls of immolation
 q - 6 scrolls of fog
 r - 8 scrolls of enchant weapon
 t - 7 scrolls of magic mapping
 u - a scroll of fear
 z - 4 scrolls of identify
 Q - 2 scrolls of holy word
 V - 3 scrolls of enchant armour
Potions
 e - 3 potions of haste
 w - 6 potions of mutation
 C - 4 potions of cancellation
 D - 2 potions of curing
 E - 2 potions of might
 F - 5 potions of flight
 H - 2 potions of magic
 L - 2 potions of ambrosia
 M - a potion of berserk rage
 X - 3 potions of resistance
Miscellaneous
 l - a lightning rod (4/4)
 p - a phantom mirror


   Skills:
 * Level 17.0 Fighting
 + Level 4.8 Long Blades
 * Level 21.0 Axes
 + Level 0.8 Throwing
 * Level 16.2 Armour
 * Level 13.1 Dodging
 - Level 0.1 Stealth
 + Level 14.5 Shields
 * Level 11.6 Invocations
 + Level 1.1 Evocations


You had 17 spell levels left.
You didn't know any spells.
Your spell library contained the following spells:

 Spells                   Type           Power        Failure   Level
 Sandblast                Erth           #.....       100%        1
 Summon Small Mammal      Summ           #...         100%        1
 Call Imp                 Summ           #.......     100%        2
 Passwall                 Tmut/Erth      #.......     100%        2
 Call Canine Familiar     Summ           #.......     100%        3
 Stone Arrow              Conj/Erth      #.....       100%        3
 Summon Guardian Golem    Hex/Summ       #.......     100%        3
 Ice Form                 Ice/Tmut       #.......     100%        4
 Petrify                  Tmut/Erth      #.......     100%        4
 Summon Ice Beast         Ice/Summ       #.......     100%        4
 Summon Lightning Spire   Summ/Air       #.......     100%        4
 Lee's Rapid Deconstruct  Erth           #.........   100%        5
 Silence                  Hex/Air        #.........   100%        5
 Conjure Ball Lightning   Conj/Air       #.........   100%        6
 Freezing Cloud           Conj/Ice/Air   #.........   100%        6
 Malign Gateway           Summ/Tloc      #.........   100%        7
 Monstrous Menagerie      Summ           #.........   100%        7
 Summon Greater Demon     Summ           #.........   100%        7
 Summon Hydra             Summ           #.........   100%        7
 Summon Horrible Things   Summ           #.........   100%        8
 Tornado                  Air            #.........   100%        9


Dungeon Overview and Level Annotations

Branches:
Dungeon (15/15)            Temple (0/1) D:7            Lair (6/6) D:10
  Swamp (4/4) Lair:2       Spider (4/4) Lair:4        Slime (0/5) Lair:5
    Orc (2/2) D:12            Elf (1/3) Orc:2        Vaults (0/5) D:14
 Depths (0/5) D:15          Sewer (visited)          WizLab (1/1)

Altars:
Dithmenos
Elyvilon
Hepliaklqana
Nemelex Xobeh
Okawaru
Qazlal
Trog
Uskayaw
Vehumet
Jiyva

Shops:
D:4 (   Orc:2 ([=*   Elf:1 !!

Annotations:
Orc:2 2 transporters, runemasterragnar's ghost, journeyman OpEE


Innate Abilities, Weirdness & Mutations

You reflexively headbutt those who attack you in melee.
You have a pair of horns on your head.
Your life essence is reduced to manifest your ancestor. (-10% HP)
Your magical capacity is low. (-10% MP)
Your spells are a little easier to cast, but a little less powerful.


Message History

The Tzitzimitl bites you!
* * * LOW HITPOINT WARNING * * *
You feel your flesh rotting away!
Press: ? - help, v - describe, . - travel
Here: a hellion (summoned)
The floor, spattered with blood.
You closely miss the lorocyproca. Your headbutt misses the lorocyproca.
The lorocyproca is severely wounded.
You barely miss the hellion. You closely miss the soul eater.
You slash the chaos spawn!
The chaos spawn looks as sick as possible!
You closely miss the Tzitzimitl. The lorocyproca hits you!
* * * LOW HITPOINT WARNING * * *
You feel your power leaking away. You block the soul eater's attack.
You block the hellion's attack. You block the chaos spawn's attack.
The Tzitzimitl engulfs you but does no damage.
The Tzitzimitl completely misses you.
Qesuoheh blinks!
The lorocyproca hits you!
You die...

##...........##
#...........#
##.........##
##.......##
###'''###
###.....###
###.........###
#........14...##
.........@3....##
.....####22.....#
....# 8#......##
...# .ยง ##.....#
.. ............#
.............#
..............#
...............#
.....##.......#


You could see a Tzitzimitl (summoned), a lorocyproca (invisible, extremely
poisoned), a soul eater (summoned), a hellion (summoned) and a chaos spawn
(summoned, extremely poisoned).

Vanquished Creatures
  Jorgrun (D:12)
  Rupert (D:12)
  Gastronok (D:10)
  Kirke (Swamp:3)
  A tengu reaver (D:13)
  Frances (D:14)
  A thorn hunter (Swamp:4)
  Donald (Swamp:2)
  A fenstrider witch (Swamp:3)
  2 orc warlords (Orc:2)
  A balrug (WizLab)
  2 cacodemons (WizLab)
  5 emperor scorpions
  3 ghost moths (Spider:4)
  Nessos (D:14)
  4 entropy weavers
  A blood saint (WizLab)
  4 bunyips
  A lorocyproca (WizLab)
  5 spark wasps
  An ettin (D:13)
  A blizzard demon (WizLab)
  An eleionoma (Swamp:2)
  A deep elf death mage (Elf:1)
  2 shambling mangroves (Swamp:4)
  A green death (WizLab)
  2 yaktaur captains (D:13)
  A fire dragon (D:14)
  2 ogre magi (D:13)
  Harold (D:7)
  3 vault guards (D:14)
  Erolcha (D:9)
  20 hydras
  2 ghost crabs
  3 centaur warriors (D:13)
  2 boulder beetles
  A death knight (D:13)
  Erica (D:9)
  2 dancing weapons (Elf:1)
  A two-headed ogre (Orc:1)
  2 death yaks (Lair:6)
  6 alligators
  A queen ant (Spider:1)
  A deep troll earth mage (D:13)
  A tengu warrior (D:13)
  7 orc high priests
  3 goliath frogs
  A sun demon (WizLab)
  A soul eater (WizLab)
  Nergalle (D:12)
  3 deep elf knights
  4 spriggan druids
  An unseen horror (D:12)
  5 bog bodies
  8 swamp dragons
  4 orc knights
  2 lindwurms
  Pikel (D:8)
  4 deep elf archers (Elf:1)
  11 deep elf magi
  A necromancer (Lair:2)
  9 orb spiders
  2 will-o-the-wisps
  5 ugly things (D:14)
  22 wolf spiders
  5 orc sorcerers
  10 elephants
  3 manticores
  A moth of wrath (Spider:4)
  4 cyclopes
  A rust devil (WizLab)
  7 black mambas
  2 orange demons (WizLab)
  A smoke demon (WizLab)
  4 torpor snails
  2 centaur zombies
  3 centaur skeletons
  Maggie (D:8)
  2 gargoyles (D:14)
  11 cane toads
  A hellion (WizLab)
  3 rime drakes
  7 komodo dragons
  A hellwing (WizLab)
  2 freezing wraiths (D:13)
  12 demonic crawlers
  8 trolls
  3 tengu conjurers
  An ice devil (WizLab)
  31 jumping spiders
  5 tyrant leeches
  The ghost of Demosthentine the Poker, an amateur MfGl of Zin (D:4)
  A blink frog (Lair:6)
  15 hornets
  2 slime creatures (D:12)
  5 dream sheep
  Sigmund (D:2)
  3 centaur simulacra (D:14)
  An air elemental (Elf:1)
  86 redbacks
  5 spriggans
  40 yaks
  3 hogs (Swamp:3)
  6 wraiths
  Grum (D:8)
  29 tarantellas
  5 ynoxinuls (WizLab)
  4 wyverns
  11 vampire mosquitoes
  A neqoxec (WizLab)
  3 chaos spawn (WizLab)
  7 basilisks
  2 insubstantial wisps (D:7)
  5 wargs
  14 swamp worms
  23 soldier ants
  11 water moccasins
  Purgy (Sewer)
  6 swamp drakes
  7 sky beasts
  43 orc warriors
  3 phantoms
  14 ogres
  2 black bears
  4 necrophages
  2 wolves (D:8)
  2 lemures (D:8)
  13 centaurs
  A big kobold (D:13)
  A wyvern zombie (D:12)
  3 bullfrogs
  A gnoll sergeant (D:13)
  2 hexers
  13 killer bees
  6 scorpions
  12 wights
  10 electric eels
  2 howler monkeys
  A crimson imp (Spider:4)
  A lava snake (Lair:3)
  7 quasits
  9 hounds
  A gnoll shaman (D:5)
  14 orc priests
  2 bullfrog skeletons
  3 jellies
  16 orc wizards
  2 iguanas
  Terence (D:3)
  2 polar bear simulacra (Lair:2)
  27 worker ants
  3 yak simulacra (Lair:2)
  2 wolf simulacra (Lair:2)
  A hound zombie (D:8)
  A hound skeleton (D:4)
  A worker ant zombie (D:8)
  5 gnolls (D:5)
  14 adders
  2 shadow imps
  2 white imps
  3 ufetubi (D:6)
  2 oozes
  An adder zombie (D:8)
  2 adder skeletons
  4 worms
  A dart slug (D:4)
  8 leopard geckos
  81 orcs
  2 giant cockroaches
  2 goblins (D:3)
  10 hobgoblins
  2 jackals (D:5)
  2 quokkas
  2 ball pythons (D:3)
  2 bats
  2 frilled lizards
  A jackal skeleton (D:4)
  6 kobolds
  A leopard gecko skeleton (D:4)
  A leopard gecko zombie (D:2)
  A quokka skeleton (D:4)
  5 rats
  3 river rat simulacra (Lair:2)
1018 creatures vanquished.

Vanquished Creatures (collateral kills)
  Arachne (Spider:4)
  A ghost moth (Spider:4)
  A deep elf sorcerer (Elf:1)
  A balrug (WizLab)
  2 entropy weavers (Spider:1)
  Snorg (D:14)
  An eleionoma (Swamp:4)
  A vault guard (D:14)
  A hell beast (WizLab)
  3 hydras
  An alligator (Swamp:2)
  A death yak (Lair:6)
  A goliath frog (Swamp:3)
  A sixfirhy (WizLab)
  A spriggan druid (Swamp:2)
  An unseen horror (D:12)
  A wolf spider (Spider:1)
  A deep elf mage (Elf:1)
  An orc knight (Orc:2)
  An orc sorcerer (Orc:1)
  An ugly thing (D:14)
  A will-o-the-wisp (Swamp:1)
  2 black mambas
  A smoke demon (WizLab)
  2 cane toads
  A komodo dragon (Lair:5)
  A demonic crawler (Spider:4)
  A hellwing (WizLab)
  A jumping spider (Spider:4)
  3 hornets
  A troll (D:10)
  2 tyrant leeches
  A dream sheep (Lair:3)
  6 redbacks
  A shadow (D:12)
  A spriggan (Swamp:2)
  7 yaks
  A tarantella (Spider:4)
  2 basilisks (Lair:2)
  A chaos spawn (WizLab)
  2 steam dragons (D:7)
  A soldier ant (Spider:1)
  4 water moccasins
  An orc warrior (Orc:1)
  A swamp drake (Swamp:4)
  A sky beast (D:12)
  A phantom (D:5)
  A black bear (D:10)
  An ogre (D:9)
  3 bullfrogs
  A killer bee (D:10)
  A wight (D:13)
  An electric eel (Spider:1)
  An orc priest (Orc:2)
  A centaur zombie (D:7)
  2 hounds (D:7)
  A bullfrog skeleton (D:6)
  5 orc wizards
  A worker ant (D:7)
  An adder skeleton (D:6)
  4 orcs
  A quokka (D:12)
  A river rat simulacrum (Lair:2)
97 creatures vanquished.

Vanquished Creatures (others)
  Fannar (D:12)
  A tormentor (WizLab)
  A bloated husk (Swamp:2)
  A jumping spider (Spider:2)
  2 hogs (Swamp:3)
  2 swamp worms
  29 hexers
  A worker ant (Spider:1)
  2 ancestors
  3 orcs
  20 foxfires
  33 fungi
  38 plants
134 creatures vanquished.

Grand Total: 1249 creatures vanquished

Notes
Turn   | Place    | Note
-------+----------+-------------------------------------------
     0 | D:1      | robertstho the Minotaur Fighter began the quest for the
                  | Orb.
     0 | D:1      | Reached XP level 1. HP: 19/19 MP: 0/0
   600 | D:1      | Reached XP level 2. HP: 27/27 MP: 1/1
   855 | D:2      | Found a shadowy altar of Dithmenos.
   926 | D:2      | Found an iron altar of Okawaru.
   931 | D:2      | Noticed an ogre
   934 | D:2      | Found a transporter.
   943 | D:2      | Found a transporter.
   997 | D:2      | Noticed Sigmund
  1004 | D:2      | Killed Sigmund
  1004 | D:2      | Reached skill level 3 in Axes
  1004 | D:2      | Reached skill level 5 in Armour
  1004 | D:2      | Reached skill level 1 in Dodging
  1004 | D:2      | Reached XP level 3. HP: 18/34 MP: 2/2
  1004 | D:2      | Reached XP level 4. HP: 21/41 MP: 3/3
  1004 | D:2      | Reached XP level 5. HP: 24/47 MP: 4/4
  1460 | D:2      | Found a faded altar of an unknown god.
  1865 | D:3      | Noticed a phantom
  1876 | D:3      | Killed a phantom
  1876 | D:3      | Reached skill level 5 in Fighting
  1876 | D:3      | Reached skill level 4 in Axes
  1876 | D:3      | Reached XP level 6. HP: 56/56 MP: 5/5
  2142 | D:3      | Noticed Terence
  2145 | D:3      | Killed Terence
  2540 | D:4      | Found a sparkling altar of Nemelex Xobeh.
  2545 | D:4      | Found a hazy altar of Hepliaklqana.
  2545 | D:4      | Found a white marble altar of Elyvilon.
  2553 | D:4      | Found a stormy altar of Qazlal.
  2556 | D:4      | Found a hide-covered altar of Uskayaw.
  2656 | D:4      | Reached skill level 5 in Axes
  2679 | D:4      | Reached XP level 7. HP: 53/61 MP: 6/6
  2738 | D:4      | Found Seh Leth's Antique Weapon Emporium.
  2768 | D:4      | Found a large runed translucent door.
  2768 | D:4      | Found a large runed translucent door.
  2769 | D:4      | Noticed Demosthentine's ghost (amateur MfGl)
  2927 | D:4      | Found a glowing drain.
  2949 | Sewer    | Entered a sewer
  2997 | Sewer    | Reached skill level 6 in Axes
  3001 | Sewer    | Noticed Purgy
  3010 | Sewer    | Killed Purgy
  3354 | D:4      | Killed Demosthentine's ghost
  3354 | D:4      | Reached skill level 5 in Shields
  3481 | D:5      | Entered Level 5 of the Dungeon
  3492 | D:5      | Reached XP level 8. HP: 65/70 MP: 7/7
  3498 | D:5      | Reached skill level 7 in Axes
  3570 | D:4      | Became a worshipper of Hepliaklqana the Forgotten
  3756 | D:5      | Reached skill level 1 in Invocations
  3873 | D:5      | Found a radiant altar of Vehumet.
  4449 | D:6      | Reached skill level 8 in Axes
  4758 | D:6      | Reached XP level 9. HP: 69/70 MP: 9/9
  5019 | D:6      | Reached * piety under Hepliaklqana
  5052 | D:6      | Reached skill level 9 in Axes
  5606 | D:7      | Reached skill level 10 in Axes
  6100 | D:7      | Found a staircase to the Ecumenical Temple.
  6126 | D:7      | Reached skill level 5 in Dodging
  6542 | D:7      | Noticed Harold
  6560 | D:7      | Killed Harold
  6560 | D:7      | Reached XP level 10. HP: 70/77 MP: 11/11
  6824 | D:7      | You fall into a shaft and drop 3 floors!
  6824 | D:10     | Entered Level 10 of the Dungeon
  6909 | D:10     | Noticed Gastronok
  6926 | D:10     | Killed Gastronok
  6926 | D:10     | Reached skill level 11 in Axes
  7214 | D:10     | Reached skill level 12 in Axes
  7263 | D:10     | Found a staircase to the Lair.
  7304 | D:10     | Reached ** piety under Hepliaklqana
  7339 | D:10     | Remembered your ancestor Amurritum as a hexer
  7550 | D:10     | Reached XP level 11. HP: 85/85 MP: 13/13
  8330 | D:9      | Noticed Erica
  8339 | D:9      | Killed Erica
  8599 | D:9      | Noticed Erolcha
  8606 | D:9      | Cast into level 1 of the Abyss (Erolcha)
  8632 | Abyss:1  | Found a corrupted altar of Lugonu.
  8638 | Abyss:1  | Noticed a starcursed mass
  8650 | Abyss:1  | Paralysed by accursed screaming for 1 turns
  8657 | D:9      | Escaped the Abyss
  8662 | D:9      | Killed Erolcha
  8662 | D:9      | Reached skill level 10 in Armour
  8662 | D:9      | Reached skill level 5 in Invocations
  9767 | D:8      | Noticed Grum
  9781 | D:8      | Killed Grum
  9808 | D:8      | Noticed Pikel
  9821 | D:8      | Killed Pikel
  9903 | D:8      | Noticed Maggie
  9911 | D:8      | Killed Maggie
  9943 | D:8      | Reached *** piety under Hepliaklqana
  9968 | D:8      | Reached skill level 13 in Axes
 10719 | Lair:1   | Entered Level 1 of the Lair of Beasts
 11794 | Lair:2   | Found a staircase to the Swamp.
 11846 | Lair:2   | Reached **** piety under Hepliaklqana
 11884 | Lair:2   | Reached XP level 12. HP: 91/95 MP: 15/15
 12176 | Lair:2   | Reached skill level 14 in Axes
 12195 | Lair:2   | Reached skill level 10 in Fighting
 12815 | Lair:3   | Noticed a seven-headed hydra
 12825 | Lair:3   | Killed a two-headed hydra
 13508 | Lair:3   | Reached skill level 15 in Axes
 13902 | Lair:4   | Reached ***** piety under Hepliaklqana
 13902 | Lair:4   | Noticed a six-headed hydra
 13902 | Lair:4   | Noticed a five-headed hydra
 13914 | Lair:4   | Killed a two-headed hydra
 13914 | Lair:4   | Reached XP level 13. HP: 88/103 MP: 15/17
 14145 | Lair:4   | Found a hole to the Spider Nest.
 14209 | Lair:4   | Reached skill level 1 in Long Blades
 14731 | Lair:5   | Found a staircase to the Slime Pits.
 14732 | Lair:5   | Found a viscous altar of Jiyva.
 15832 | Lair:6   | Entered Level 6 of the Lair of Beasts
 15843 | Lair:6   | Reached skill level 16 in Axes
 16001 | Lair:6   | Found the +4 Cigotuvi's embrace {rRot *Drain rN+}
 18521 | D:11     | Identified the Papyrus of Frigorific Companions
 18889 | D:12     | Reached XP level 14. HP: 113/113 MP: 18/18
 18936 | D:12     | Noticed Nergalle
 18944 | D:12     | Killed Nergalle
 19316 | D:12     | Noticed Rupert
 19328 | D:12     | Killed Rupert
 19413 | D:12     | Found a staircase to the Orcish Mines.
 19449 | D:12     | Reached ****** piety under Hepliaklqana
 19559 | D:12     | Noticed Jorgrun
 19559 | D:12     | Noticed Fannar
 19583 | D:12     | Killed Fannar
 19593 | D:12     | Killed Jorgrun
 20497 | D:13     | Reached skill level 17 in Axes
 20748 | D:13     | Reached skill level 10 in Shields
 21080 | D:13     | Reached skill level 10 in Dodging
 21811 | D:13     | Found a runed translucent door.
 22263 | D:13     | Noticed a tengu reaver
 22278 | D:13     | Killed a tengu reaver
 22920 | D:14     | Noticed Frances
 22931 | D:14     | Killed Frances
 22931 | D:14     | Reached XP level 15. HP: 65/123 MP: 20/20
 23133 | D:14     | Noticed Nessos
 23136 | D:14     | Killed Nessos
 23164 | D:14     | Noticed Snorg
 23170 | D:14     | Killed Snorg
 24090 | D:14     | Found a gate to the Vaults.
 24192 | D:15     | Entered Level 15 of the Dungeon
 24321 | D:15     | Found a staircase to the Depths.
 24321 | D:15     | Noticed a fire giant
 24429 | Orc:1    | Entered Level 1 of the Orcish Mines
 24439 | Orc:1    | Reached skill level 18 in Axes
 25098 | Orc:2    | Entered Level 2 of the Orcish Mines
 25098 | Orc:2    | Found Xatommiudi's Jewellery Shoppe.
 25500 | Orc:2    | Found Kixazob's General Store.
 25603 | Orc:2    | Bought a scroll of identify for 34 gold pieces
 25603 | Orc:2    | Bought a potion of might for 68 gold pieces
 25635 | Orc:2    | Found a staircase to the Elven Halls.
 25656 | Orc:2    | Found a transporter.
 25656 | Orc:2    | Identified the +3 lajatang "Xototan" {vorpal, Str+5}
 25657 | Orc:2    | Found a bloodstained altar of Trog.
 25657 | Orc:2    | Noticed runemasterragnar's ghost (journeyman OpEE)
 25663 | Orc:2    | Found a transporter.
 25664 | Orc:2    | Found Gamom's Antique Armour Emporium.
 25681 | Orc:2    | Noticed an orc warlord
 25692 | Orc:2    | Identified the +4 scimitar "Zenogg" {antimagic, rPois Str+2
                  | Dex-2}
 26053 | Orc:2    | Killed an orc warlord
 26123 | Orc:2    | Bought a pair of pitted gloves for 228 gold pieces
 26133 | Orc:2    | Identified the +0 pair of gloves "Sicetzyg" {Stlth+} (You
                  | bought it in a shop on level 2 of the Orcish Mines)
 26489 | Orc:2    | Found Cebasip's Antique Weapon Shop.
 26648 | Orc:1    | Noticed an orc warlord
 26794 | Orc:2    | Killed an orc warlord
 27541 | Swamp:1  | Entered Level 1 of the Swamp
 28236 | Swamp:1  | Reached XP level 16. HP: 119/132 MP: 22/22
 28330 | Swamp:1  | Reached skill level 19 in Axes
 28976 | Swamp:2  | Noticed Donald
 29162 | Swamp:2  | Killed Donald
 29791 | Swamp:2  | Reached skill level 1 in Evocations
 30604 | Swamp:3  | Noticed Kirke
 30632 | Swamp:3  | Killed Kirke
 31253 | Swamp:4  | Entered Level 4 of the Swamp
 31298 | Swamp:3  | Reached skill level 10 in Invocations
 32102 | Swamp:4  | HP: 5/132 [bog body (25)]
 32110 | Swamp:3  | Reached skill level 15 in Fighting
 32359 | Swamp:3  | Reached skill level 15 in Armour
 33695 | Swamp:4  | Noticed a thorn hunter
 33718 | Swamp:4  | Killed a thorn hunter
 34106 | Swamp:4  | Paralysed by a hornet for 2 turns
 34318 | Swamp:4  | Got a decaying rune of Zot
 34631 | Spider:1 | Entered Level 1 of the Spider Nest
 34664 | Spider:1 | Reached XP level 17. HP: 93/140 MP: 23/23
 34987 | Spider:1 | Reached skill level 20 in Axes
 38088 | Spider:4 | Entered Level 4 of the Spider Nest
 38091 | Spider:4 | Noticed Arachne
 38108 | Spider:4 | Killed Arachne
 38645 | Spider:4 | Reached XP level 18. HP: 137/150 MP: 0/25
 39888 | Spider:4 | Got a gossamer rune of Zot
 40563 | Elf:1    | Entered Level 1 of the Elven Halls
 40709 | Elf:1    | Found Egua's Distillery.
 40709 | Elf:1    | Found Xyitecw's Distillery.
 40717 | Elf:1    | Bought a potion of heal wounds for 85 gold pieces
 40717 | Elf:1    | Bought a potion of curing for 51 gold pieces
 40717 | Elf:1    | Bought a potion of curing for 51 gold pieces
 40717 | Elf:1    | Bought a potion of curing for 51 gold pieces
 40726 | Elf:1    | Bought a potion of invisibility for 120 gold pieces
 40726 | Elf:1    | Bought a potion of heal wounds for 75 gold pieces
 40726 | Elf:1    | Bought a potion of curing for 45 gold pieces
 40726 | Elf:1    | Bought a potion of berserk rage for 75 gold pieces
 40767 | Elf:1    | Identified the +2 robe "Nutaoq" {rF- SInv Stlth+}
 41131 | Elf:1    | Found a magical portal.
 41136 | WizLab   | Entered The Hall of the Hellbinder
 41444 | WizLab   | Gained mutation: Your spells are a little easier to cast,
                  | but a little less powerful. [a cacodemon]
 41677 | WizLab   | Reached skill level 21 in Axes
 41678 | WizLab   | HP: 5/151 [blizzard demon/the air (10)]
 41683 | WizLab   | HP: 2/151 [blizzard demon/bolt of cold (15)]
 42372 | WizLab   | Found a burning altar of Makhleb.
 42372 | WizLab   | Noticed Qesuoheh
 42372 | WizLab   | Gained mutation: Your magical capacity is low. (-10% MP) [a
                  | cacodemon]
 42404 | WizLab   | Noticed a Tzitzimitl
 42409 | WizLab   | HP: 1/151 [lorocyproca (16)]
 42409 | WizLab   | Mangled by a lorocyproca

Illustrated notes

Levels and vault maps discovered:
D:1:      wander_arrival_lonely_grave, layout_basic
D:2:      layout_basic, gammafunk_temple_overflow_arena, lemuel_crystal_altar,
          chequers_ecumenical_altar_simple_redux, roderic_lattice_a,
          corexii_corridor_pit, uniq_sigmund
D:3:      layout_loops_ring, glass_columns_c, minmay_between, uniq_terence
D:4:      layout_basic, minmay_overflow_temple_star_hex, serial_shops,
          nicolae_shop_trees, cheibrodos_sewer_entry_bend,
          ebering_ghost_disaster_area
D:5:      cheibrodos_quashed, layout_loops_ring, kennysheep_mini_moat,
          sigmund_army
D:6:      layout_layer_cave, minmay_misc_feat_square,
          minmay_fractal_squares_gapless_5
D:7:      layout_basic, minmay_temple_entry_mist, hangedman_misty_isle,
          uniq_harold
D:8:      layout_cave_pools, uniq_grum, uniq_maggie, uniq_pikel
D:9:      layout_irregular_city, serial_bayou, serial_bayou_ford_a,
          serial_bayou_lake_a, serial_bayou_pond_a, serial_bayou_pond_a,
          uniq_erica, uniq_erolcha
D:10:     layout_roguey, grunt_lair_entry_orc_guard_hut, uniq_gastronok
D:11:     layout_cave_pools
D:12:     layout_long_grid, david_orc_3, serial_rivers,
          chequers_serial_rivers_micro_b, chequers_serial_rivers_small_b,
          chequers_serial_rivers_room_a, chequers_serial_rivers_micro_b,
          chequers_serial_rivers_micro_c, chequers_serial_rivers_large_a,
          uniq_nergalle, uniq_jorgrun, uniq_fannar, uniq_rupert
D:13:     thingy_vault, layout_basic, lightli_airlock
D:14:     layout_basic, grunt_vaults_entry_fortified, hex_tiny,
          minmay_fractal_squares_gapless_7, uniq_frances, uniq_nessos,
          uniq_snorg
D:15:     grunt_enter_depths_giant_problem, layout_irregular_city,
          chequers_decorated_corner, minmay_misc_feat_nine_boxes, hex_medium,
          corner_web_ring
Lair:1:   statuecave_lemuel, layout_gridlike, st_stairs_5, grunt_megastairs_4,
          serial_bayou_shore_b
Lair:2:   layout_roguey, swamp_mist_pool, eino_house_with_fridge,
          lemuel_fruit_tree
Lair:3:   layout_gridlike, grunt_megastairs_1
Lair:4:   beast_lair_carwin_large_1, layout_regular_city,
          spider_nest_entry_rubble
Lair:5:   layout_cave_pods, slime_altar_1, st_stairs_13
Lair:6:   hangedman_lair_caniforms_friends, layout_cave_pods,
          hangedman_lair_in_review, chequers_serial_rivers_micro_c
Swamp:1:  layout_falls_marsh, infiniplex_staircase_pool, st_swamp_ruins_3
Swamp:2:  layout_falls_marsh, serial_swamp_ruin, evilmike_swamp_ruin_house_5,
          evilmike_swamp_ruin_house_3, uniq_donald
Swamp:3:  layout_basic_swamp, nicolae_swamp_round_clearing, uniq_kirke
Swamp:4:  swamp_alternative, layout_basic_swamp
Spider:1: layout_spider_delve, minivault_29
Spider:2: layout_spider_delve
Spider:3: layout_chambers, hangedman_spider_tarantella_strand
Spider:4: spider_rune_water, nicolae_crawler_farm, uniq_arachne
Orc:1:    layout_caves
Orc:2:    grunt_orc_gardens, layout_caves, grunt_orc_garden, grunt_orc_garden,
          grunt_orc_garden, grunt_orc_garden, gammafunk_ghost_wrathful_warriors
Elf:1:    elf_arrival_002, layout_gridlike, mu_enter_wizlab_2,
          minmay_elf_annihilation, minmay_shoptagon
WizLab:   wizlab_demon

Skill      XL: |  1  2  3  4  5  6  7  8  9 10 11 12 13 14 15 16 17 18 |
---------------+-------------------------------------------------------+-----
Armour         | 5 6 7 8 9 10 11 12 13 14 15 16 | 16.2
Fighting       | 4 5 6 7 8 9 10 12 13 14 15 16 17 | 17.0
Axes           | 3 4 5 6 8 10 12 13 15 16 17 18 19 20 21 | 21.0
Dodging        | 1 2 3 4 5 6 7 8 9 10 11 12 13 | 13.1
Shields        | 4 5 6 7 8 9 10 11 12 13 14 | 14.5
Invocations    | 2 3 4 5 6 7 8 9 10 11 | 11.6
Long Blades    | 2 4 |  4.8
Evocations     | 1 |  1.1
Throwing       | |  0.8
Stealth        | |  0.1

Action                   |  1- 3 |  4- 6 |  7- 9 | 10-12 | 13-15 | 16-18 || total
-------------------------+-------+-------+-------+-------+-------+-------++-------
Melee: War axe           |    27 |    81 |   148 |   347 |   402 |       ||  1005
       Headbutt          |     4 |    17 |    58 |    93 |   227 |   320 ||   719
       Hand axe          |       |       |    89 |    58 |       |       ||   147
       Scimitar          |       |       |       |    11 |    43 |   141 ||   195
       Broad axe         |       |       |       |       |   405 |  1086 ||  1491
Throw: Dart              |       |       |       |     2 |     3 |       ||     5
Invok: Recall Ancestor   |       |       |       |     3 |       |     1 ||     4
       Ancestor Life: He |       |       |       |     1 |       |       ||     1
Evoke: Wand              |       |       |     2 |     3 |    16 |     6 ||    27
       Lightning rod     |       |       |       |       |     1 |     7 ||     8
  Use: Potion            |     1 |       |     3 |     1 |    11 |    21 ||    37
       Scroll            |       |     6 |     3 |     4 |    10 |    22 ||    45
 Stab: Distracted        |       |       |     2 |     4 |    11 |    13 ||    30
       Confused          |       |       |       |     1 |     6 |    14 ||    21
       Invisible         |       |       |       |       |     9 |     1 ||    10
       Paralysed         |       |       |       |       |     9 |    36 ||    45
Armor: Scale mail        |     5 |       |       |       |       |       ||     5
       Chain mail        |     2 |    38 |    56 |    47 |       |       ||   143
       Plate armour      |       |       |       |    54 |   308 |   581 ||   943
Dodge: Dodged            |     3 |    16 |    45 |    95 |   204 |   424 ||   787
Block: Kite shield       |    13 |    62 |   171 |   226 |   301 |       ||   773
       Reflection        |       |     2 |     4 |     2 |    65 |    21 ||    94
       Tower shield      |       |       |       |       |   506 |  1577 ||  2083
       Rpst.: Scimitar   |       |       |       |       |     2 |    11 ||    13

Table legend: (Time is in decaauts)
 A = Elapsed time spent in this place.
 B = Non-inter-level travel time spent in this place.
 C = Inter-level travel time spent in this place.
 D = Time resting spent in this place.
 E = Time spent auto-exploring this place.
 F = Levels seen in this place.
 G = Mean time per level.
                   A        B        C        D        E       F      G
               +--------+--------+--------+--------+--------+-----+--------+
         Total |  42547 |  39985 |   2562 |   7643 |  26034 |  35 | 1215.6 |
       Dungeon |  18316 |  16780 |   1536 |   2591 |  11624 |  15 | 1221.1 |
          Lair |   6244 |   5800 |    444 |    324 |   4822 |   6 | 1040.7 |
         Swamp |   7227 |   7009 |    218 |   2772 |   3266 |   4 | 1806.8 |
   Spider Nest |   5689 |   5514 |    175 |    431 |   3896 |   4 | 1422.2 |
  Orcish Mines |   3020 |   2876 |    144 |   1098 |   1312 |   2 | 1510.0 |
   Elven Halls |    582 |    540 |     42 |      0 |    428 |   1 |  582.0 |
         Abyss |     50 |     50 |      0 |      0 |      2 |   1 |   50.0 |
         Sewer |    177 |    177 |      0 |      0 |    128 |   1 |  177.0 |
        Wizlab |   1237 |   1237 |      0 |    426 |    555 |   1 | 1237.0 |
               +--------+--------+--------+--------+--------+-----+--------+

Top non-repeatable levels by time:
 Swamp:3: 3123 daAuts
    D:13: 2291 daAuts
Spider:4: 2243 daAuts
    D:10: 2076 daAuts
     D:9: 2053 daAuts
     D:6: 1688 daAuts
    D:14: 1647 daAuts
 Swamp:2: 1617 daAuts
   Orc:1: 1567 daAuts
 Swamp:1: 1521 daAuts
    D:12: 1486 daAuts
Spider:3: 1486 daAuts
   Orc:2: 1453 daAuts
  WizLab: 1237 daAuts
Spider:1: 1187 daAuts
